 Dungeon Crawl Stone Soup version 0.28.0-43-g3370ac3207 (webtiles) character file.

Game seed: 14411117412227279118

534 Cykl0x the Digger (level 7, -3/36 HPs)
             Began as a Gargoyle Earth Elementalist on Mar 4, 2022.
             Killed from afar by an orc wizard (10 damage)
             ... with a puff of flame
             ... on level 5 of the Dungeon.
             The game lasted 00:13:20 (5499 turns).

Cykl0x the Digger (Gargoyle Earth Elementalist)     Turns: 5499, Time: 00:13:22

Health: -3/36      AC:  9    Str: 12    XL:     7   Next: 25%
Magic:  1/14       EV: 11    Int: 17    God:
Gold:   226        SH:  0    Dex: 10    Spells: 8/15 levels left

rFire   . . .      SeeInvis .   s - +0 rapier
rCold   + . .      Faith    .   (no shield)
rNeg    + . .      Spirit   .   r - +0 leather armour {rC+}
rPois   ∞          Reflect  .   (no helmet)
rElec   +          Harm     .   (no cloak)
rCorr   .          Rampage  .   u - +0 pair of gloves
Will    .....                   m - +0 pair of boots
Stlth   ++........              (no amulet)
HPRegen 0.12/turn               n - ring of flight
MPRegen 0.14/turn               (no ring)

@: flying
A: sickness immunity, AC +4, negative energy resistance 1, electricity
resistance, torment resistance 1, petrification resistance
a: no special abilities


You were on level 5 of the Dungeon.
You visited 1 branch of the dungeon, and saw 5 of its levels.

You collected 226 gold pieces.

Inventory:

Hand Weapons
 d - a +0 dagger of flaming
 s - a +0 rapier (weapon)
Missiles
 c - 60 stones
 e - 2 throwing nets
Armour
 b - a +0 robe
 f - a +0 leather armour
 i - a +0 leather armour
 k - a +0 ring mail
 m - a +0 pair of boots (worn)
 r - a +0 leather armour of cold resistance (worn)
 u - a +0 pair of gloves (worn)
Jewellery
 n - a ring of flight (left hand)
Wands
 l - a wand of charming (13)
 q - a wand of flame (9)
 v - a wand of acid (7)
Scrolls
 g - a scroll of immolation
Potions
 a - a potion of resistance
 h - 2 potions of ambrosia
 j - a potion of attraction
 o - a potion of flight
 p - a potion of curing {unknown}
 t - a potion of invisibility {unknown}


   Skills:
 + Level 0.1 Fighting
 + Level 0.2 Short Blades
 + Level 1.9 Dodging
 - Level 2.1 Stealth
 + Level 4.8 Spellcasting
 * Level 3.4 Conjurations
 - Level 0.7 Transmutations
 + Level 6.1 Earth Magic


You had 8 spell levels left.
You knew the following spells:

 Your Spells              Type           Power      Damage    Failure   Level
a - Sandblast             Erth           50%        2d12      1%          1
b - Passwall              Tmut/Erth      12%        N/A       7%          2
c - Stone Arrow           Conj/Erth      40%        3d9       8%          3
d - Shock                 Conj/Air       40%        1d5       9%          1

Your spell library contained the following spells:

 Spells                   Type           Power      Damage    Failure   Level
 Petrify                  Tmut/Erth      15%        N/A       41%         4
 Frozen Ramparts          Ice            8%         1d2       50%         3
 Ice Form                 Ice/Tmut       5%         N/A       85%         4
 Summon Ice Beast         Ice/Summ       4%         N/A       88%         4


Dungeon Overview and Level Annotations

Branches:
Dungeon (5/15)
 Temple: D:4-7

Altars:
Hepliaklqana
Makhleb
Sif Muna
Trog
Yredelemnul


Innate Abilities, Weirdness & Mutations

You are immune to sickness and miasma.
Your stone body is resilient. (AC +4)
You are immune to poison.
You resist negative energy. (rN+)
You are resistant to electric shocks. (rElec)
You are resistant to unholy torment.
You are immune to petrification.


Message History

Confirm with . or Enter, or press ? or * to list all spells.
Aiming: Sandblast (safe; 1% risk of failure)
Press: ? - help, Shift-Dir - straight line The blast of sand hits something!
c - 61 stones You hear some strange, mumbled words.
Something tries to affect you, but you resist.
Unknown command.
You miss something. Something hits you but does no damage.
You miss something. Something hits you but does no damage. Something hits you.
You miss something. Something hits you but does no damage.
You closely miss something.
You hear some strange, mumbled words.
A puff of flame appears from out of thin air!
The puff of flame hits you!
* * * LOW HITPOINT WARNING * * *
You miss something. Something hits you.
* * * LOW HITPOINT WARNING * * *
You miss something. Something hits you but does no damage.
Casting: Sandblast (safe; 1% risk of failure)
Confirm with . or Enter, or press ? or * to list all spells.
Aiming: Sandblast (safe; 1% risk of failure)
Press: ? - help, Shift-Dir - straight line The blast of sand hits something but does no damage.
c - 60 stones Something hits you but does no damage.
Unknown command.
Unknown command.
You closely miss something.
Something hits you but does no damage. x2
You barely miss something. Something hits you.
* * * LOW HITPOINT WARNING * * *
You hit something.
You hear some strange, mumbled words.
A puff of flame appears from out of thin air!
The puff of flame hits you but does no damage.
You hit something.
You hear some strange, mumbled words.
A puff of flame appears from out of thin air!
The puff of flame hits you!
You die...

##........#.# #. ..#..#####
##........#.# #. #.#.......
..........#.# #o#####.#.#.###.
##......###.. #.#.. #.#.#.....
#.##.#.# #)#.# #.#.##.##.
#....#+### #)#.###.#.......
###.......# #.....#.####..##
..........##########.#.#.....#.##
##..............@{).........[....
#.####..###########.#.#####.....
##.# #).#...........#.# ####..
...# #).#.###########.# ##. ...#
#))......... ... #. ...#
##..######## #.. #. ...# #..#
#... #. ...# ###..######### #...
## ...# #............# #


There were no monsters in sight!

Vanquished Creatures
  An ogre (D:5)
  2 orc priests
  A centaur skeleton (D:4)
  A scorpion zombie (D:5)
  An iguana (D:4)
  5 orc wizards
  A hound skeleton (D:4)
  4 adders
  4 gnolls (D:5)
  A shadow imp (D:5)
  A worm (D:4)
  A dart slug (D:4)
  19 orcs
  4 endoplasms
  5 giant cockroaches
  5 goblins
  5 hobgoblins
  2 jackals (D:3)
  3 kobolds
  2 quokkas
  6 ball pythons
  8 bats
  A frilled lizard (D:2)
  2 rats
85 creatures vanquished.

Notes
Turn   | Place    | Note
-------+----------+-------------------------------------------
     0 | D:1      | Cykl0x the Gargoyle Earth Elementalist began the quest for
                  | the Orb.
     0 | D:1      | Reached XP level 1. HP: 10/10 MP: 3/3
   441 | D:1      | Reached XP level 2. HP: 15/15 MP: 1/5
   456 | D:1      | Reached skill level 4 in Earth Magic
   598 | D:1      | Learned a level 2 spell: Passwall
  1115 | D:2      | Reached skill level 1 in Conjurations
  1117 | D:2      | Found a faded altar of an unknown god.
  1129 | D:2      | Reached XP level 3. HP: 19/19 MP: 4/6
  1134 | D:2      | Learned a level 3 spell: Stone Arrow
  2040 | D:3      | Found a shimmering blue altar of Sif Muna.
  2050 | D:3      | Reached XP level 4. HP: 24/24 MP: 4/8
  2143 | D:3      | Got Sif Muna's Almanac of Feathers
  2146 | D:3      | Learned a level 1 spell: Shock
  2569 | D:3      | Reached XP level 5. HP: 28/28 MP: 6/9
  2837 | D:3      | Found a bloodstained altar of Trog.
  3140 | D:4      | Found a hazy altar of Hepliaklqana.
  3148 | D:4      | Reached skill level 5 in Earth Magic
  3702 | D:4      | Reached XP level 6. HP: 14/32 MP: 5/11
  4078 | D:4      | Found a burning altar of Makhleb.
  4572 | D:5      | Entered Level 5 of the Dungeon
  4887 | D:5      | Found a basalt altar of Yredelemnul.
  4957 | D:5      | Reached skill level 6 in Earth Magic
  5101 | D:5      | Reached XP level 7. HP: 36/36 MP: 6/13
  5499 | D:5      | Killed from afar by an orc wizard

Illustrated notes

Levels and vault maps discovered:
D:1:      minmay_arrival_glassed_features, layout_rooms,
          chequers_hall_statues_corner_a, grunt_decor_junction
D:2:      layout_basic, ebering_ecumenical_altar_sacrificial,
          hangedman_decor_clover_reticule
D:3:      layout_loops_ring, trog_book, led_sif_book
D:4:      layout_layer_cave, old_standard_altar, amcnicky_altar_gilded
D:5:      layout_basic, mainiacjoe_overflow_alcove_1

Skill      XL: |  1  2  3  4  5  6  7 |
---------------+----------------------+-----
Earth Magic    | 4 5 6 |  6.1
Conjurations   | 1 2 3 |  3.4
Spellcasting   | 3 4 |  4.8
Fighting       | |  0.1
Short Blades   | |  0.2
Dodging        | |  1.9
Stealth        | |  2.1
Transmutations | |  0.7

Action                   |  1- 3 |  4- 6 |  7- 9 || total
-------------------------+-------+-------+-------++-------
Melee: Dagger            |    17 |    41 |     3 ||    61
       Rapier            |       |       |    11 ||    11
 Cast: Sandblast         |    45 |    18 |     9 ||    72
       Passwall          |     4 |     2 |       ||     6
       Stone Arrow       |     5 |    31 |     6 ||    42
       Shock             |       |    36 |     3 ||    39
  Use: Scroll            |     6 |     2 |     3 ||    11
Armor: Robe              |    14 |    16 |       ||    30
       Leather armour    |       |       |    11 ||    11
Dodge: Dodged            |    32 |    26 |     2 ||    60
